AoeStats
← 鄙人張麻子

Arena

505656747Analyzed
4v4 RM · 22d ago on Sep 10, 2026· 44m 44s· 8 players
Game mode
Random Map
Map size
Large (8 player)
Population
200
Speed
Normal
Resources
Standard
Victory
Conquest
Starting age
Dark Age
Ending age
Imperial Age
RankedLock teamsTeams togetherTeam positionsShared explorationLock speedFull tech treeHidden civsTurbo modeCheats
Victory
Defeat
🇬🇧 Burgundians · United Kingdom
1100
+17
1094
+17
🇨🇳 Spanish · China
1068
+18
🇧🇷 Franks · Brazil
1025
+20
🇹🇼 Italians · Taiwan
1197
-22
🇹🇼 Slavs · Taiwan
1153
-20
🇹🇼 Magyars · Taiwan
1097
-17
🇹🇼 Burgundians · Taiwan
994
-13
Macca2418
3:25 Double-Bit Axe
11:14 Feudal Age
16:05 Castle Age
15:19 Bow Saw
16:49 Wheelbarrow
19:45 Two-Man Saw
19:00 Horse Collar
20:09 Hand Cart
23:48 Gold Mining
23:49 Stone Mining
24:43 Heavy Plow
26:10 Crop Rotation
25:32 Pikeman
27:05 Scale Barding Armor
27:11 Forging
29:27 Cavalier
32:42 Imperial Age
30:35 Chain Barding Armor
30:25 Forging
30:16 Scale Mail Armor
31:32 Gold Shaft Mining
31:32 Stone Shaft Mining
32:04 Burgundian Vineyards
32:58 Squires
32:44 Arson
33:06 Husbandry
32:26 Light Cavalry
32:53 Paladin
35:37 Plate Barding Armor
35:37 Iron Casting
37:23 Conscription
38:34 Hussar
又甘又刻荧定了
11:51 Feudal Age
13:13 Loom
16:06 Castle Age
14:07 Double-Bit Axe
14:30 Horse Collar
17:11 Wheelbarrow
19:34 Loom
24:36 Hand Cart
25:00 Bow Saw
25:17 Heavy Plow
29:16 Imperial Age
27:41 Stone Mining
27:43 Gold Mining
27:51 Fletching
28:42 Bodkin Arrow
29:31 Stone Shaft Mining
29:28 Caravan
30:20 Conscription
30:32 Guilds
30:38 Elite Genoese Crossbowman
31:57 Ballistics
32:11 Bracer
32:12 Padded Archer Armor
33:21 Crop Rotation
35:24 Chemistry
34:40 Thumb Ring
35:23 Elite Skirmisher
36:34 Bombard Tower
36:32 Leather Archer Armor
37:54 Two-Man Saw
37:47 Ring Archer Armor
39:23 Fortified Wall
40:13 Masonry
种田低手
10:47 Feudal Age
14:31 Castle Age
12:26 Double-Bit Axe
13:01 Horse Collar
20:13 Bow Saw
21:35 Wheelbarrow
22:33 Heavy Plow
23:49 Stone Mining
23:49 Gold Mining
24:21 Loom
24:22 Town Watch
25:25 Stone Shaft Mining
27:53 Imperial Age
25:39 Padded Archer Armor
26:46 Hand Cart
26:49 Leather Archer Armor
28:11 Husbandry
28:21 Bloodlines
28:57 Coinage
29:10 Ring Archer Armor
28:58 Guilds
30:14 Two-Man Saw
29:38 Conscription
30:46 Chemistry
30:49 Banking
31:00 Fletching
31:14 Elite Conquistador
32:42 Bodkin Arrow
34:51 Supremacy
35:58 Bracer
种田美眉
10:25 Feudal Age
14:27 Castle Age
13:30 Double-Bit Axe
21:00 Bow Saw
24:25 Town Watch
30:56 Loom
41:33 Imperial Age
40:05 Husbandry
41:15 Wheelbarrow
40:44 Town Patrol
41:38 Cavalier
45:28 Forging
45:25 Scale Barding Armor
東塔取蜜
8:34 Double-Bit Axe
11:17 Feudal Age
9:50 Horse Collar
11:45 Feudal Age
15:33 Castle Age
13:58 Bow Saw
16:33 Scale Barding Armor
16:39 Forging
16:11 Cavalier
16:53 Husbandry
21:09 Chain Barding Armor
21:51 Wheelbarrow
27:08 Light Cavalry
29:34 Gold Mining
31:44 Iron Casting
31:47 Heavy Plow
32:58 Loom
34:19 Hand Cart
36:14 Loom
39:05 Imperial Age
36:24 Treadmill Crane
36:55 Fortified Wall
36:41 Murder Holes
37:16 Stone Mining
37:35 Fletching
38:08 Squires
38:13 Scale Mail Armor
38:25 Bodkin Arrow
38:32 Padded Archer Armor
37:54 Elite Skirmisher
41:21 Chain Mail Armor
42:15 Blast Furnace
41:16 Bracer
41:33 Leather Archer Armor
43:05 Chemistry
42:28 Ballistics
42:21 Masonry
42:55 Plate Mail Armor
43:14 Conscription
鄙人張麻子
10:20 Feudal Age
14:07 Castle Age
12:13 Horse Collar
12:19 Double-Bit Axe
15:01 Bow Saw
14:52 Heavy Plow
21:23 Wheelbarrow
22:17 Gold Mining
24:19 Hand Cart
24:39 Stone Mining
25:48 Fletching
29:00 Imperial Age
26:37 Bodkin Arrow
26:43 Padded Archer Armor
27:32 Loom
28:11 Ballistics
28:35 Leather Archer Armor
29:36 Scale Mail Armor
30:45 Chemistry
29:47 Bracer
30:19 Ring Archer Armor
29:50 Scale Mail Armor
30:14 Conscription
30:00 Caravan
30:05 Town Watch
30:02 Elite Genoese Crossbowman
31:43 Forging
32:37 Crop Rotation
33:13 Two-Man Saw
32:38 Treadmill Crane
33:09 Masonry
32:42 Treadmill Crane
33:13 Thumb Ring
35:34 Coinage
35:14 Guilds
34:58 Elite Skirmisher
36:16 Chain Mail Armor
36:36 Iron Casting
38:07 Banking
世紀垃圾
10:43 Feudal Age
14:42 Castle Age
12:52 Double-Bit Axe
15:46 Bow Saw
15:24 Horse Collar
20:43 Wheelbarrow
23:27 Gold Mining
27:54 Imperial Age
26:04 Scale Barding Armor
26:18 Hand Cart
25:49 Loom
25:50 Town Watch
27:11 Chain Barding Armor
27:15 Town Patrol
27:52 Bloodlines
27:43 Husbandry
27:08 Light Cavalry
28:11 Heavy Plow
28:09 Cavalier
29:43 Crop Rotation
30:24 Two-Man Saw
30:28 Plate Barding Armor
32:09 Gold Shaft Mining
31:28 Stone Mining
32:34 Conscription
33:22 Chemistry
37:05 Paladin
38:22 Hussar
40:52 Ballistics
40:25 Fletching
41:08 Bodkin Arrow
41:20 Thumb Ring
42:34 Parthian Tactics
42:12 Bracer
42:14 Padded Archer Armor
42:21 Heavy Cavalry Archer
小蝦米跟大鯨魚
11:50 Feudal Age
16:32 Castle Age
15:04 Double-Bit Axe
15:12 Gold Mining
16:10 Horse Collar
17:36 Pikeman
28:57 Heavy Plow
31:20 Forging
31:11 Scale Mail Armor
31:13 Loom
32:06 Wheelbarrow
31:16 Town Watch
32:51 Stone Mining
33:13 Bow Saw
Connection lost

Rejoining the realm…

Still unreachable

The connection could not be restored.

Session expired

The server has moved on; the page needs a fresh start.